[Event "Titled Tuesday Blitz November 22 Early 2022"]
[White "Urquhart, Ed"]
[Black "Osmak, Yuliia"]
[WhiteFideId "2603748"]
[BlackFideId "14101602"]
[WhiteElo "2184"]
[BlackElo "2328"]
[Result "0-1"]
[Round "04"]
[TimeControl "180+1"]
[Date "2022.11.23"]
[WhiteClock "0:00:12"]
[BlackClock "0:00:18"]

1. e4 c5 2. Nc3 d6 3. f4 g6 4. Nf3 Bg7 5. Bc4 Nc6 6. d3 e6 7. O-O Nge7 8. Qe1 Nd4 9. Nxd4 cxd4 10. Nd1 d5 11. Bb3 O-O 12. Nf2 dxe4 13. dxe4 b5 14. Nd3 Bb7 15. Bd2 a5 16. a4 b4 17. Qe2 Rc8 18. Rae1 Qb6 19. Kh1 Ba6 20. Qf3 Bc4 21. Rc1 Rc7 22. Bxc4 Rxc4 23. b3 Rc7 24. Nb2 Rfc8 25. Nc4 Qa6 26. h3 Rd8 27. Qg3 f5 28. e5 Nd5 29. h4 Nb6 30. Nd6 Bf8 31. Nb5 Rcd7 32. Rf3 Qb7 33. Rd3 Bc5 34. Be1 Qe4 35. Bf2 Nd5 36. Re1 Qxf4 37. Bxd4 Qxg3 38. Rxg3 Bxd4 39. Nxd4 Nf4 40. Nb5 Rd2 41. Rf1 Ne2 42. Re3 Nd4 43. Nd6 Nxc2 44. Rg3 Nd4 45. h5 Kg7 46. hxg6 hxg6 47. Rf4 Rh8+ 48. Kg1 Ne2+ 0-1


[Site "https://www.chess.com"]

[Event "Titled Tuesday Blitz November 22 Early 2022"]
[White "Vagman, Roy"]
[Black "Muminova, Nafisa"]
[WhiteFideId "2828995"]
[BlackFideId "14201526"]
[WhiteElo "2174"]
[BlackElo "2258"]
[Result "1-0"]
[Round "04"]
[TimeControl "180+1"]
[Date "2022.11.23"]
[WhiteClock "0:00:55"]
[BlackClock "0:00:07"]

1. Nf3 d5 2. g3 Bg4 3. Bg2 c6 4. O-O Nd7 5. d4 Ngf6 6. b3 g6 7. Bb2 Bg7 8. Nbd2 O-O 9. c4 Re8 10. Ne5 Bf5 11. Nxd7 Qxd7 12. f3 Bh3 13. e4 dxe4 14. fxe4 Bxg2 15. Kxg2 Ng4 16. Qf3 Rf8 17. e5 c5 18. h3 Nh6 19. d5 Nf5 20. Ne4 Qc7 21. d6 exd6 22. exd6 Qc6 23. Nf6+ Kh8 24. Qxc6 bxc6 25. Rae1 Nxd6 26. Be5 Nf5 27. g4 Nd4 28. Nd7 Bxe5 29. Rxe5 Rfe8 30. Rxf7 Rxe5 31. Nf6 Re2+ 32. Kf1 1-0


[Site "https://www.chess.com"]

[Event "Titled Tuesday Blitz November 22 Early 2022"]
[White "Vaishali, Rameshbabu"]
[Black "Ansh M Shah"]
[WhiteFideId "5091756"]
[BlackFideId "25033379"]
[WhiteElo "2351"]
[BlackElo "2084"]
[Result "0-1"]
[Round "04"]
[TimeControl "180+1"]
[Date "2022.11.23"]
[WhiteClock "0:00:01"]
[BlackClock "0:00:19"]

1. d4 Nf6 2. c4 e6 3. Nc3 d5 4. Nf3 Be7 5. Bf4 O-O 6. a3 c6 7. e3 Nbd7 8. Qc2 h6 9. Rd1 a5 10. Rg1 dxc4 11. Bxc4 b5 12. Bd3 b4 13. axb4 axb4 14. Ne4 Ba6 15. g4 Qa5 16. b3 Bxd3 17. Qxd3 Nxe4 18. Qxe4 Qd5 19. Qxd5 cxd5 20. g5 hxg5 21. Bxg5 Bxg5 22. Rxg5 Ra3 23. Nd2 Rc8 24. h4 Nf6 25. f3 g6 26. e4 dxe4 27. fxe4 Kf8 28. Rb5 Rc3 29. Ke2 Ra2 30. Re5 Rxb3 31. d5 exd5 32. exd5 Rba3 33. Rf1 Kg7 34. d6 Ra6 35. Ke3 Rxd6 36. Nc4 Rc6 37. Kd4 b3 38. Re7 Ra4 39. Rxf6 Kxf6 0-1


[Site "https://www.chess.com"]

[Event "Titled Tuesday Blitz November 22 Early 2022"]
[White "Vakhlamov, Igor L."]
[Black "Barp, Alberto"]
[WhiteFideId "24126748"]
[BlackFideId "872555"]
[WhiteElo "2401"]
[BlackElo "2313"]
[Result "1-0"]
[Round "04"]
[TimeControl "180+1"]
[Date "2022.11.23"]
[WhiteClock "0:00:05"]
[BlackClock "0:00:19"]

1. e4 e5 2. Nf3 Nc6 3. Nc3 Nf6 4. Bb5 Bd6 5. a3 h6 6. d3 a6 7. Bc4 Bc5 8. Be3 d6 9. Bxc5 dxc5 10. h3 Qd6 11. O-O Be6 12. Bxe6 fxe6 13. Nd2 g5 14. Nc4 Qe7 15. Qd2 O-O-O 16. b4 cxb4 17. axb4 Qxb4 18. Rfb1 Qxc4 19. Qe1 Qd4 20. Ra4 Qc5 21. Rc4 Qd6 22. Qc1 b5 23. Rxb5 axb5 24. Nxb5 Qe7 25. Rxc6 Ne8 26. Qa1 Kd7 27. Qc3 Rc8 28. Qc4 Rh7 29. d4 exd4 30. Nxd4 Nd6 31. Qa4 Kd8 32. e5 Qd7 33. exd6 cxd6 34. Qa5+ Ke8 35. Ra6 e5 36. Qd5 Rf7 37. Rxd6 Qc7 38. Qe6+ Kf8 39. Qxh6+ Kg8 40. Rg6+ Rg7 41. Ne6 1-0


[Site "https://www.chess.com"]

[Event "Titled Tuesday Blitz November 22 Early 2022"]
[White "Vargas, Mauricio"]
[Black "Ravot, Sylvain"]
[WhiteFideId "4404572"]
[BlackFideId "627763"]
[WhiteElo "2025"]
[BlackElo "2195"]
[Result "0-1"]
[Round "04"]
[TimeControl "180+1"]
[Date "2022.11.23"]
[WhiteClock "0:00:01"]
[BlackClock "0:00:04"]

1. e4 c5 2. Nf3 Nc6 3. d4 cxd4 4. Nxd4 g6 5. Bc4 Bg7 6. c3 d6 7. O-O Nf6 8. f3 O-O 9. Be3 Bd7 10. Nd2 a6 11. Qe1 Qa5 12. g4 Ne5 13. Bb3 Nd3 14. Qh4 Nxb2 15. Rac1 Rac8 16. c4 Nd3 17. Rb1 b5 18. cxb5 axb5 19. h3 Rfe8 20. f4 Nc5 21. N4f3 Nfxe4 22. Nxe4 Nxe4 23. f5 Nf6 24. fxg6 hxg6 25. Bh6 d5 26. Ng5 Qb6+ 27. Kg2 Be6 28. Bxg7 Kxg7 29. Rxf6 exf6 30. Qh7+ Kf8 31. Qh8+ Ke7 32. Qh6 fxg5 33. Qxg5+ Kd7 34. Rd1 Qd6 0-1


[Site "https://www.chess.com"]

[Event "Titled Tuesday Blitz November 22 Early 2022"]
[White "Vasques, Antonio Pedro Freixial"]
[Black "Nguyen Hong Nhung"]
[WhiteFideId "1908332"]
[BlackFideId "12412201"]
[WhiteElo "2243"]
[BlackElo "1904"]
[Result "0-1"]
[Round "04"]
[TimeControl "180+1"]
[Date "2022.11.23"]
[WhiteClock "0:00:50"]
[BlackClock "0:02:02"]

1. e4 c5 2. Nf3 e6 3. d4 cxd4 4. Nxd4 Nc6 5. Nc3 Qc7 6. Be3 a6 7. Qd2 Nf6 8. f3 b5 9. O-O-O Bb7 10. g4 Ne5 11. g5 Nh5 12. Ndxb5 axb5 13. Nxb5 Qc6 14. f4 Ng4 15. Bd4 Ba6 16. a4 Bxb5 17. Bxb5 Qxb5 18. b3 Rxa4 0-1


[Site "https://www.chess.com"]

[Event "Titled Tuesday Blitz November 22 Early 2022"]
[White "Wagner, Dennis"]
[Black "Zacurdajev, Dmitry"]
[WhiteFideId "24650684"]
[BlackFideId "4196309"]
[WhiteElo "2470"]
[BlackElo "2179"]
[Result "1-0"]
[Round "04"]
[TimeControl "180+1"]
[Date "2022.11.23"]
[WhiteClock "0:00:17"]
[BlackClock "0:00:03"]

1. d4 d5 2. c4 e6 3. Nf3 Nf6 4. g3 Be7 5. Bg2 O-O 6. O-O dxc4 7. Na3 Bd7 8. Nxc4 Bc6 9. Re1 Nbd7 10. Bf4 Nb6 11. Nce5 Be4 12. Rc1 c6 13. a3 Nfd5 14. Bd2 Bf6 15. Bh3 h6 16. b4 Nd7 17. Nxd7 Qxd7 18. Ne5 Bxe5 19. dxe5 Rfd8 20. f3 Bg6 21. e4 Nb6 22. Be3 Qd3 23. Qxd3 Rxd3 24. Bf1 Rxa3 25. Ra1 Rxa1 26. Rxa1 Nc8 27. Rd1 Nb6 28. Ra1 Nc8 29. Bc4 Bh5 30. g4 Bg6 31. Kf2 Kf8 32. h4 Ke8 33. h5 Bh7 34. Rg1 a5 35. b5 a4 36. bxc6 bxc6 37. Bc5 Ne7 38. g5 hxg5 39. Rxg5 g6 40. h6 Ng8 41. Rg1 Kd7 42. Rb1 Ke8 43. Ba3 Nxh6 44. Rh1 Ng8 45. Rxh7 Kd7 46. Rxf7+ Kc8 47. Bxe6+ 1-0


[Site "https://www.chess.com"]

[Event "Titled Tuesday Blitz November 22 Early 2022"]
[White "Weetik, Vjacheslav"]
[Black "Golichenko, Ilija"]
[WhiteFideId "4153472"]
[BlackFideId "14117223"]
[WhiteElo "2469"]
[BlackElo "2350"]
[Result "1-0"]
[Round "04"]
[TimeControl "180+1"]
[Date "2022.11.23"]
[WhiteClock "0:00:05"]
[BlackClock "0:00:06"]

1. d4 Nf6 2. Nf3 e6 3. c4 b6 4. g3 Bb7 5. Bg2 Bb4+ 6. Bd2 Qe7 7. Nc3 O-O 8. Rc1 d6 9. O-O Nbd7 10. Bg5 Bxc3 11. Rxc3 h6 12. Bc1 Ne4 13. Rc2 f5 14. Ne1 a5 15. Nd3 Rae8 16. Nf4 Qf7 17. d5 Ndc5 18. dxe6 Nxe6 19. Nd5 N6c5 20. b3 Kh7 21. Bb2 Bxd5 22. cxd5 f4 23. Qd4 Qg6 24. Rc4 Ng5 25. Qd1 b5 26. Rc1 Qf5 27. Bd4 f3 28. exf3 Na6 29. f4 Ne4 30. Qd3 Nac5 31. Bxc5 Nxc5 32. Qxb5 Qg4 33. a3 Rb8 34. Qc6 Rf7 35. Rc3 Rxb3 36. Rxb3 Nxb3 37. Qc2+ Qg6 38. Qxb3 Qf5 39. Qc3 Re7 40. Qxa5 Qc2 41. Qb4 Re2 42. h4 h5 43. Bf3 Rd2 44. Be4+ 1-0


[Site "https://www.chess.com"]

[Event "Titled Tuesday Blitz November 22 Early 2022"]
[White "Winkels, Marcel"]
[Black "Manon-og, Ramon Jr."]
[WhiteFideId "1003887"]
[BlackFideId "5200776"]
[WhiteElo "1900"]
[BlackElo "2323"]
[Result "0-1"]
[Round "04"]
[TimeControl "180+1"]
[Date "2022.11.23"]
[WhiteClock "0:00:01"]
[BlackClock "0:00:12"]

1. d4 Nf6 2. Nc3 d5 3. Bf4 e6 4. e3 Bb4 5. Bd3 c5 6. dxc5 Nbd7 7. Nf3 Nxc5 8. O-O Bxc3 9. bxc3 O-O 10. c4 Nce4 11. cxd5 Nc3 12. Qd2 Ncxd5 13. Bg3 b6 14. c4 Ne7 15. Rfd1 Bb7 16. Ne5 Nc6 17. Qc2 Qe7 18. Nxc6 Bxc6 19. Bh4 h6 20. e4 e5 21. f3 Rac8 22. Qb2 Qe6 23. Qa3 Rc7 24. Rac1 Nd7 25. Bf2 Rfc8 26. Bf1 Ba8 27. Qd6 Qxd6 28. Rxd6 Nf8 29. Rcd1 Ne6 30. h4 Nf8 31. Rd8 Bb7 32. Rxc8 Rxc8 33. Bg3 f6 34. Bf2 Ba6 35. Rc1 Ne6 36. Be3 Kf7 37. Kf2 Nc5 38. Ke1 Ke6 39. Kd2 Nd7 40. a3 Nb8 41. Kc3 Nc6 42. Kb2 Na5 43. c5 Bxf1 44. Rxf1 Nc4+ 45. Kb3 Nxe3 46. Rf2 bxc5 47. Re2 c4+ 48. Kc3 Nf1 49. Rf2 Ne3 50. Re2 Nd1+ 51. Kc2 c3 52. Kxd1 Rb8 53. Kc2 Rb2+ 54. Kd3 Rb3 55. Rc2 Rxa3 56. Rxc3 Rxc3+ 57. Kxc3 Kd6 58. Kc4 Kc6 59. Kb4 Kb6 60. Ka4 a6 61. Kb4 a5+ 62. Ka4 Ka6 63. Ka3 Kb5 64. Kb3 a4+ 65. Kc3 Ka5 66. Kb2 Kb4 67. Ka2 a3 68. Ka1 Kb3 0-1


[Site "https://www.chess.com"]

[Event "Titled Tuesday Blitz November 22 Early 2022"]
[White "Yeritsyan, Hayk"]
[Black "Zainullina, Nataliya"]
[WhiteFideId "13307320"]
[BlackFideId "4145488"]
[WhiteElo "2373"]
[BlackElo "2091"]
[Result "1/2-1/2"]
[Round "04"]
[TimeControl "180+1"]
[Date "2022.11.23"]
[WhiteClock "0:00:07"]
[BlackClock "0:00:09"]

1. d3 Nf6 2. d4 e6 3. Nf3 Be7 4. e3 O-O 5. Bd3 b6 6. Nbd2 Bb7 7. O-O c5 8. c3 Nc6 9. Qe2 d5 10. dxc5 bxc5 11. e4 Qd7 12. e5 Nh5 13. g3 g6 14. Re1 d4 15. Ne4 Rad8 16. Bh6 Rfe8 17. Rad1 Qc7 18. c4 Nxe5 19. Nxe5 Qxe5 20. f4 Qc7 21. Bg5 Bxe4 22. Bxe4 Bxg5 23. fxg5 Ng7 24. Rf1 Rb8 25. g4 Red8 26. b3 Ne8 27. Qf3 Nd6 28. Bd3 Rf8 29. Rde1 a5 30. h4 a4 31. h5 axb3 32. h6 Ne8 33. axb3 Rxb3 34. Rb1 Rxb1 35. Rxb1 Qe7 36. Qf4 e5 37. Qd2 e4 38. Re1 e3 39. Qg2 Qxg5 40. Be4 Nf6 41. Bf3 Re8 42. Bc6 Rf8 43. Bf3 d3 44. Be4 Qxg4 45. Qxg4 Nxg4 46. Bxd3 Nf2 47. Bc2 Ng4 48. Bd1 e2 49. Bxe2 Ne3 50. Bf3 Nf5 51. Rd1 Nxh6 52. Rd5 Nf5 53. Rxc5 Ne3 54. Rc7 Rd8 55. Kf2 Nf5 56. c5 Nd4 57. c6 Nxf3 58. Kxf3 Kf8 59. Kf4 Ke8 60. Kg5 Rd6 61. Kh6 Rf6 62. Kxh7 Kd8 63. Rd7+ Kc8 64. Re7 Rxc6 65. Rxf7 Re6 66. Kh6 g5+ 67. Kxg5 Rd6 68. Rf5 Rc6 69. Kf4 Kb7 70. Ke4 Kb6 71. Kd4 Rd6+ 72. Kc4 Rc6+ 73. Kb4 Kc7 74. Rc5 Rxc5 75. Kxc5 1/2-1/2


[Site "https://www.chess.com"]

[Event "Titled Tuesday Blitz November 22 Early 2022"]
[White "Yurasova, Daria"]
[Black "Gilmanov, Mansur"]
[WhiteFideId "34146919"]
[BlackFideId "4166868"]
[WhiteElo "2097"]
[BlackElo "2377"]
[Result "1-0"]
[Round "04"]
[TimeControl "180+1"]
[Date "2022.11.23"]
[WhiteClock "0:00:04"]
[BlackClock "0:00:10"]

1. d4 d5 2. Nf3 e6 3. c4 f5 4. cxd5 exd5 5. Nc3 c6 6. Bf4 Nf6 7. e3 Bd6 8. Ne5 O-O 9. Bd3 Be6 10. Qc2 Ne4 11. O-O-O Qa5 12. Bxe4 Bxe5 13. Bxe5 dxe4 14. g4 fxg4 15. Qxe4 Bf5 16. Qf4 Nd7 17. Bd6 Rf7 18. e4 Bg6 19. Qxg4 Bh5 20. Qg3 Rf3 21. Bc7 Qb4 22. Qd6 Rxc3+ 23. bxc3 Qxc3+ 24. Kb1 Bxd1 25. Rxd1 Nb6 26. Bd8 Qc4 27. Rg1 Qf7 28. Bf6 Nc4 29. Qf4 g6 30. e5 Na3+ 31. Kb2 Nc4+ 32. Kb1 1-0


[Site "https://www.chess.com"]

[Event "Titled Tuesday Blitz November 22 Early 2022"]
[White "Yurovskykh, Oleksandr"]
[Black "Rottenwohrer Suarez, Juan"]
[WhiteFideId "14134020"]
[BlackFideId "32068182"]
[WhiteElo "2265"]
[BlackElo "2195"]
[Result "1-0"]
[Round "04"]
[TimeControl "180+1"]
[Date "2022.11.23"]
[WhiteClock "0:01:32"]
[BlackClock "0:00:46"]

1. g3 Nf6 2. Bg2 g6 3. e4 e5 4. Nc3 Bg7 5. Nge2 O-O 6. O-O c6 7. d4 exd4 8. Nxd4 d5 9. exd5 Nxd5 10. Nxd5 cxd5 11. c3 Nc6 12. Nb3 d4 13. cxd4 Nxd4 14. Nxd4 Qxd4 15. Qxd4 Bxd4 16. Rd1 Bg7 17. Be3 Bg4 18. Rd2 Rad8 19. Rxd8 Rxd8 20. Bxb7 Rb8 21. Bd5 Rxb2 22. Rc1 a5 23. h4 h5 24. Rc7 Be6 25. Bxe6 fxe6 26. Rxg7+ 1-0


[Site "https://www.chess.com"]

[Event "Titled Tuesday Blitz November 22 Early 2022"]
[White "Zaichenko, Daria"]
[Black "Aarav Dengla"]
[WhiteFideId "4197453"]
[BlackFideId "45059756"]
[WhiteElo "2039"]
[BlackElo "2261"]
[Result "0-1"]
[Round "04"]
[TimeControl "180+1"]
[Date "2022.11.23"]
[WhiteClock "0:01:57"]
[BlackClock "0:02:13"]

1. e4 c5 2. Nf3 d6 3. d4 cxd4 4. Nxd4 Nf6 5. Nc3 a6 6. Be2 e5 7. Nb3 Be7 8. O-O O-O 9. a4 Be6 10. Be3 Nbd7 11. a5 Rc8 12. Kh1 Rxc3 13. bxc3 Nxe4 14. Bd2 Qc7 15. Bd3 Nxc3 16. Qh5 g6 17. Qh6 Bf6 18. f4 Bg7 19. Qh4 e4 20. Be2 Nxe2 21. Rae1 Qxc2 22. Rxe2 Qxb3 23. Rxe4 Qd3 24. Qe1 Nc5 25. Re2 Bc4 26. Rff2 Bd4 27. Be3 Ne4 28. Bxd4 Nxf2+ 29. Rxf2 Qxd4 30. Rd2 Qxf4 0-1


[Site "https://www.chess.com"]

[Event "Titled Tuesday Blitz November 22 Early 2022"]
[White "Zemlyanskii, Ivan"]
[Black "Duda, Jan-Krzysztof"]
[WhiteFideId "24249971"]
[BlackFideId "1170546"]
[WhiteElo "2107"]
[BlackElo "2779"]
[Result "0-1"]
[Round "04"]
[TimeControl "180+1"]
[Date "2022.11.22"]
[WhiteClock "0:00:02"]
[BlackClock "0:02:06"]

1. d4 g6 2. c4 Bg7 3. Nc3 d6 4. e4 c5 5. d5 Bxc3+ 6. bxc3 e5 7. dxe6 Bxe6 8. Bf4 Nc6 9. Bxd6 Qa5 10. Qb3 O-O-O 11. e5 Nf6 12. Rb1 b6 13. Qb5 Qxc3+ 14. Kd1 Kb7 15. Rb3 Qxe5 16. Rd3 Rxd6 17. Nf3 Qa1+ 18. Kc2 Nb4+ 19. Kb3 Qb1+ 20. Ka4 a6 21. Rxd6 Qxa2# 0-1


[Site "https://www.chess.com"]

[Event "Titled Tuesday Blitz November 22 Early 2022"]
[White "Zubkov, Vsevolod"]
[Black "Fernandez Siles, Luis"]
[WhiteFideId "24136760"]
[BlackFideId "2209420"]
[WhiteElo "2148"]
[BlackElo "2186"]
[Result "1-0"]
[Round "04"]
[TimeControl "180+1"]
[Date "2022.11.23"]
[WhiteClock "0:01:15"]
[BlackClock "0:00:05"]

1. d4 Nf6 2. Nf3 g6 3. Bg5 Bg7 4. Nbd2 d5 5. e3 O-O 6. Be2 b6 7. O-O c5 8. c3 Ba6 9. Ne5 Bxe2 10. Qxe2 Nfd7 11. f4 f6 12. Nxd7 Qxd7 13. Bh4 Nc6 14. Rad1 e5 15. dxc5 bxc5 16. Ne4 c4 17. Qxc4 Rad8 18. Nc5 Qg4 19. Rxd5 Na5 20. Qd3 Rb8 21. Bg3 Rxb2 22. Rd7 h5 23. Qd5+ Kh8 24. Ne6 Qe2 25. Rxg7 e4 26. Rh7+ 1-0


[Site "https://www.chess.com"]

[Event "Titled Tuesday Blitz November 22 Early 2022"]
[White "monkins"]
[Black "Shyam, Sundar M."]
[BlackFideId "5019141"]
[WhiteElo "2256"]
[BlackElo "2484"]
[Result "0-1"]
[Round "04"]
[TimeControl "180+1"]
[Date "2022.11.23"]
[WhiteClock "0:00:01"]
[BlackClock "0:00:25"]

1. Nf3 c5 2. c4 b6 3. g3 Bb7 4. Bg2 g6 5. O-O Bg7 6. Nc3 e5 7. d3 Ne7 8. Bd2 O-O 9. a3 d6 10. Rb1 h6 11. b4 Nd7 12. b5 f5 13. a4 g5 14. a5 g4 15. Ne1 Bxg2 16. Nxg2 Ng6 17. Nd5 Nf6 18. Nge3 f4 19. Nxf6+ Qxf6 20. Nxg4 Qe6 21. f3 h5 22. Nf2 fxg3 23. hxg3 h4 24. g4 Nf4 25. Bxf4 exf4 26. Ne4 bxa5 27. Qa4 Rae8 28. Kg2 Re7 29. Rh1 Bf6 30. Qxa5 Rg7 31. b6 Rxg4+ 32. Kf1 axb6 33. Qxb6 Rg6 34. Qxd6 Qxd6 35. Nxd6 Bd8 36. Ne4 Be7 37. Rb7 Rf7 38. Rg1 Rxg1+ 39. Kxg1 Rg7+ 40. Kh2 Kh7 41. Rc7 Bf8 42. Rxg7+ Kxg7 43. Kh3 Be7 44. Nc3 Kg6 45. Nd5 Bg5 46. Nc7 Kf5 47. Na6 Be7 48. Nc7 Ke5 49. Kg4 h3 50. Nd5 h2 51. Nxe7 h1=Q 52. Ng6+ Kd4 53. Nxf4 Qh7 54. Ne6+ Ke5 55. Nxc5 Qg8+ 56. Kh4 Qh7+ 57. Kg3 Qg7+ 58. Kf2 Qa7 0-1


[Site "https://www.chess.com"]

[Event "Titled Tuesday Blitz November 22 Early 2022"]
[White "Adithya A Chullikkad"]
[Black "Gedgafov, Chamal"]
[WhiteFideId "45078734"]
[BlackFideId "34130621"]
[WhiteElo "2106"]
[BlackElo "2067"]
[Result "0-1"]
[Round "05"]
[TimeControl "180+1"]
[Date "2022.11.23"]
[WhiteClock "0:01:47"]
[BlackClock "0:02:29"]

1. d4 d5 2. Bf4 c5 3. c3 Nc6 4. e3 cxd4 5. exd4 Nf6 6. Bd3 Bg4 7. Qb3 Na5 8. Qa4+ Bd7 9. Qc2 Rc8 10. Nf3 Nc6 11. h3 Nb4 12. Qd2 Nxd3+ 13. Qxd3 Qb6 14. b3 Bb5 15. Qd2 Ne4 16. Qe3 e6 17. Ne5 Be7 18. f3 Nf6 19. Kf2 O-O 20. g4 Nd7 21. h4 Nxe5 22. Bxe5 Bd6 23. f4 Bxe5 24. Qe4 dxe4 0-1


[Site "https://www.chess.com"]

[Event "Titled Tuesday Blitz November 22 Early 2022"]
[White "Ai, Evan"]
[Black "Kirillov, Dmitry"]
[WhiteFideId "2094770"]
[BlackFideId "34180572"]
[WhiteElo "1963"]
[BlackElo "2095"]
[Result "0-1"]
[Round "05"]
[TimeControl "180+1"]
[Date "2022.11.23"]
[WhiteClock "0:00:51"]
[BlackClock "0:00:05"]

1. e4 c6 2. d4 d5 3. Nc3 dxe4 4. Nxe4 Nf6 5. Nxf6+ exf6 6. Nf3 Bd6 7. c3 O-O 8. Be2 Bg4 9. O-O Re8 10. h3 Bh5 11. Qc2 Nd7 12. Be3 Qc7 13. Rfe1 b5 14. Rad1 Nb6 15. b3 Nd5 16. Bd2 a5 17. c4 Bg6 18. Bd3 bxc4 19. bxc4 Nb4 20. Bxb4 Bxb4 21. Rxe8+ Rxe8 22. c5 Qf4 23. Bxg6 hxg6 24. Qa4 Re6 25. a3 Bxc5 26. Qxa5 Bd6 27. Qa8+ Kh7 28. Qxc6 g5 29. Qc2+ g6 30. a4 f5 31. d5 Re7 32. Qd2 Qxa4 33. Qxg5 Qxd1+ 0-1


[Site "https://www.chess.com"]

[Event "Titled Tuesday Blitz November 22 Early 2022"]
[White "Aizpurua, Patrick Emilio"]
[Black "Mohammed, Zozek Salah Mohammed"]
[WhiteFideId "6600522"]
[BlackFideId "4803361"]
[WhiteElo "2378"]
[BlackElo "2199"]
[Result "1-0"]
[Round "05"]
[TimeControl "180+1"]
[Date "2022.11.23"]
[WhiteClock "0:01:39"]
[BlackClock "0:01:25"]

1. d4 d5 2. c4 c6 3. Nf3 Nf6 4. Qc2 e6 5. Bg5 Nbd7 6. Nbd2 Bd6 7. e3 b6 8. Bd3 Bb7 9. O-O h6 10. Bh4 Rc8 11. e4 dxe4 12. Bxe4 O-O 13. Rad1 Qc7 14. Rfe1 c5 15. Bxb7 Qxb7 16. b3 cxd4 17. Nxd4 Bb4 18. Re3 Nd5 19. Qe4 Nxe3 20. Qxb7 Nxd1 21. Qxd7 Bxd2 22. Nxe6 fxe6 23. Qxd2 g5 24. Bxg5 hxg5 25. Qxg5+ Kf7 26. Qh5+ Ke7 27. Qxd1 Rcd8 28. Qc1 Rd3 29. h4 Rfd8 30. Qg5+ Kf7 31. Qf4+ Ke7 32. h5 Rd1+ 33. Kh2 R1d2 34. Qg5+ Kf7 35. f3 Rxa2 36. Qxd8 1-0


[Site "https://www.chess.com"]

[Event "Titled Tuesday Blitz November 22 Early 2022"]
[White "Ajay, Karthikeyan"]
[Black "Kodinets, Konstantin L."]
[WhiteFideId "35011685"]
[BlackFideId "4122011"]
[WhiteElo "2337"]
[BlackElo "2447"]
[Result "1-0"]
[Round "05"]
[TimeControl "180+1"]
[Date "2022.11.23"]
[WhiteClock "0:01:10"]
[BlackClock "0:00:39"]

1. e4 e5 2. Nf3 d6 3. d4 exd4 4. Qxd4 Nf6 5. Nc3 Be7 6. Bb5+ c6 7. Bc4 O-O 8. h3 b5 9. Bb3 a5 10. a4 b4 11. Ne2 Bb7 12. Ng3 Re8 13. O-O Na6 14. Bf4 Nc5 15. Rfe1 Nxb3 16. cxb3 c5 17. Qd3 d5 18. e5 Ne4 19. Rad1 h6 20. Qe3 Ng5 21. Bxg5 hxg5 22. e6 f6 23. Nf5 d4 24. Qd3 Qd5 25. Rc1 Rac8 26. Kh2 Bd6+ 27. Kg1 Rxe6 28. Rxe6 Qxe6 29. Re1 Qd5 30. Re7 Rc7 31. Rxc7 Bxc7 32. Ne7+ 1-0


[Site "https://www.chess.com"]

[Event "Titled Tuesday Blitz November 22 Early 2022"]
[White "Akbas, Umut Ata"]
[Black "Jones, Gawain C B"]
[WhiteFideId "44572646"]
[BlackFideId "409561"]
[WhiteElo "2192"]
[BlackElo "2657"]
[Result "0-1"]
[Round "05"]
[TimeControl "180+1"]
[Date "2022.11.22"]
[WhiteClock "0:00:03"]
[BlackClock "0:00:03"]

1. d4 Nf6 2. c4 g6 3. Nc3 Bg7 4. Nf3 O-O 5. Bg5 c5 6. e3 cxd4 7. exd4 d5 8. Bxf6 exf6 9. cxd5 Nd7 10. Be2 Nb6 11. Qb3 Qd6 12. O-O Rd8 13. Rfe1 Nxd5 14. Bc4 Nf4 15. Bxf7+ Kh8 16. Ne4 Qf8 17. Nc5 Bg4 18. Be6 Bxf3 19. Qxf3 Rxd4 20. Nb3 Nxe6 21. Rxe6 Rd7 22. Rae1 Rad8 23. g3 h5 24. R1e3 Kh7 25. Qe2 Qf7 26. Re7 Rxe7 27. Rxe7 Rd1+ 28. Kg2 Qd5+ 29. Qe4 Qxe4+ 30. Rxe4 Bf8 31. Re8 Kg7 32. Rb8 Rd7 33. Na5 b6 34. Nc6 Bd6 35. Ra8 a5 36. Ra6 Bc5 37. Ra7 Rxa7 38. Nxa7 Kf7 39. Nb5 Ke6 40. Kf3 Kd5 41. Nc3+ Kc4 42. Ne4 Bd4 43. b3+ Kb4 44. Ke2 Ka3 45. Kd3 Ba1 46. f4 Kxa2 47. Kc2 Ka3 48. Nd6 Kb4 49. Nc8 Kc5 50. Ne7 g5 51. fxg5 fxg5 52. Nf5 b5 53. h3 Be5 54. g4 h4 55. Kd3 a4 56. bxa4 bxa4 57. Kc2 Kb4 58. Ne3 a3 59. Nd5+ Kc4 60. Ne3+ Kd4 61. Nf5+ Ke4 62. Kb3 Bb2 63. Nd6+ Kf4 64. Nf7 Bc1 65. Ka2 Kg3 66. Nxg5 Bxg5 0-1


[Site "https://www.chess.com"]

[Event "Titled Tuesday Blitz November 22 Early 2022"]
[White "Al-Tarboush, Ward"]
[Black "Storey, Charles H"]
[WhiteFideId "7601450"]
[BlackFideId "406686"]
[WhiteElo "2273"]
[BlackElo "2252"]
[Result "0-1"]
[Round "05"]
[TimeControl "180+1"]
[Date "2022.11.23"]
[WhiteClock "0:00:04"]
[BlackClock "0:00:04"]

1. e4 g6 2. d4 Bg7 3. Nc3 c5 4. d5 d6 5. Nf3 a6 6. a4 Nf6 7. Bd3 Bg4 8. Kf1 Nbd7 9. h3 Bxf3 10. Qxf3 Ne5 11. Qe2 Nxd3 12. Qxd3 O-O 13. Be3 b5 14. axb5 axb5 15. Rxa8 Qxa8 16. g4 b4 17. Nd1 Nd7 18. f4 Qa2 19. b3 Ra8 20. Kg2 Qa6 21. Qd2 Qb5 22. Nf2 Ra2 23. g5 Bc3 24. Qd1 c4 25. bxc4 Qxc4 26. Qg4 Nf8 27. Rc1 Bb2 28. Rd1 Qxc2 29. Rd2 Qc4 30. Nd3 Bc3 31. Rxa2 Qxa2+ 32. Kf3 Qc4 33. Nc1 Bb2 34. Ne2 b3 35. f5 Be5 36. fxg6 hxg6 37. Bc1 b2 38. Bxb2 Bxb2 39. h4 Qd3+ 40. Kf2 Bd4+ 41. Kg2 Be5 42. Kf2 Qb5 43. h5 gxh5 44. Qxh5 Ng6 45. Qg4 Qd3 46. Kg2 Qd2 47. Kf2 Bf4 48. Kg2 Be3 49. Kf3 Bxg5 50. Qc8+ Kg7 51. Ng3 Qf4+ 52. Kg2 Nh4+ 53. Kh3 Qf3 54. Qd8 Bf4 0-1


[Site "https://www.chess.com"]

[Event "Titled Tuesday Blitz November 22 Early 2022"]
[White "Alekseenko, Kirill"]
[Black "Duda, Jan-Krzysztof"]
[WhiteFideId "4135539"]
[BlackFideId "1170546"]
[WhiteElo "2682"]
[BlackElo "2779"]
[Result "0-1"]
[Round "05"]
[TimeControl "180+1"]
[Date "2022.11.22"]
[WhiteClock "0:00:12"]
[BlackClock "0:00:22"]

1. d4 Nf6 2. Nc3 d5 3. Bf4 e6 4. Nb5 Bd6 5. Nxd6+ cxd6 6. e3 O-O 7. Nf3 h6 8. h3 Qe7 9. Be2 Nc6 10. O-O e5 11. Bh2 a6 12. c3 Bf5 13. a4 Rfe8 14. Re1 Rad8 15. Qb3 Qc7 16. Rad1 Na5 17. Qa3 Ne4 18. Qa2 Nf6 19. b4 Nc6 20. Qb3 Rc8 21. dxe5 dxe5 22. c4 dxc4 23. Bxc4 a5 24. b5 Nb4 25. Rc1 Bc2 26. Rxc2 Nxc2 27. Qxc2 Qxc4 28. Qf5 Qxa4 29. Bxe5 Qe4 30. Qxe4 Nxe4 31. Bd4 Rc2 32. Ra1 Ra8 33. Ne5 Nxf2 34. Nd7 Ne4 35. Nb6 Rd8 36. Rxa5 h5 37. h4 Rd6 38. Kf1 Rf2+ 39. Ke1 Rxg2 40. Ra8+ Kh7 41. Re8 Ng3 42. Nc4 Rg6 43. Ne5 Rf6 0-1


[Site "https://www.chess.com"]